AoeStats
← Kevin Durant

Arabia

510935601Analyzed
1v1 RM · 7h ago on Oct 3, 2026· 26m 34s· 2 players
Game mode
Random Map
Map size
Tiny (2 player)
Population
200
Speed
Normal
Resources
Standard
Victory
Conquest
Starting age
Dark Age
Ending age
Imperial Age
RankedLock teamsTeams togetherTeam positionsShared explorationLock speedFull tech treeHidden civsTurbo modeCheats
Victory
Defeat
🇩🇪 Britons · Germany
1069
+16
🇪🇸 Cumans · Spain
1070
-16
Kevin Durant
7:35 Loom
9:20 Feudal Age
12:16 Fletching
15:40 Double-Bit Axe
18:00 Padded Archer Armor
20:08 Wheelbarrow
21:07 Horse Collar
21:15 Horse Collar
23:54 Castle Age
22:17 Gold Mining
24:49 Crossbowman
25:30 Bodkin Arrow
TheGG101
5:20 Loom
9:33 Feudal Age
10:07 Double-Bit Axe
11:32 Horse Collar
11:45 Gold Mining
17:34 Fletching
24:41 Castle Age
22:28 Town Watch
23:11 Fletching
25:28 Bodkin Arrow
25:33 Padded Archer Armor
25:42 Elite Skirmisher
Connection lost

Rejoining the realm…

Still unreachable

The connection could not be restored.

Session expired

The server has moved on; the page needs a fresh start.